 Dungeon Crawl Stone Soup version 0.28.0-53-g5a82cb258f (webtiles) character file.

Game seed: 2176714676504089796

4013 safid the Severer (level 10, -7/91 HPs)
             Began as a Hill Orc Fighter on Aug 8, 2022.
             Was a Believer of Beogh.
             Mangled by an orc warrior
             ... wielding a +0 glaive
              (8 damage)
             ... on level 9 of the Dungeon.
             The game lasted 00:11:02 (10701 turns).

safid the Severer (Hill Orc Fighter)               Turns: 10701, Time: 00:11:03

Health: -7/91      AC: 18    Str: 24    XL:     10   Next: 23%
Magic:  10/10      EV:  6    Int: 12    God:    Beogh [**....]
Gold:   275        SH:  4    Dex: 10    Spells: 9/9 levels left

rFire   + . .      SeeInvis .   o - +4 mace "Plog" {freeze, rF+ Int+4}
rCold   . . .      Faith    .   c - +0 buckler
rNeg    . . .      Spirit   .   x - +1 plate armour {Will+}
rPois   .          Reflect  .   (no helmet)
rElec   .          Harm     .   C - +2 cloak
rCorr   .          Rampage  .   p - +1 pair of gloves
Will    +....                   (no boots)
Stlth   ..........              (no amulet)
HPRegen 0.25/turn               (no ring)
MPRegen 0.12/turn               (no ring)

@: no status effects
A: no striking features
a: Renounce Religion, Smiting


You were on level 9 of the Dungeon.
You worshipped Beogh.
Beogh was pleased with you.
You visited 1 branch of the dungeon, and saw 9 of its levels.

You collected 576 gold pieces.
You spent 301 gold pieces at shops.

Inventory:

Hand Weapons
 a - a +0 war axe
 o - the +4 mace "Plog" (weapon) {freeze, rF+ Int+4}
   (You found it on level 3 of the Dungeon)

   It freezes those it strikes, dealing additional cold damage.
   It can also slow down cold-blooded creatures.
   Int:       It affects your intelligence (+4).
   rF:        It protects you from fire.
Missiles
 q - 10 poisoned darts (quivered)
 r - 5 javelins
 y - a throwing net
Armour
 c - a +0 buckler (worn)
 p - a +1 pair of gloves (worn)
 x - a +1 plate armour of willpower (worn)
 C - a +2 cloak (worn)
Wands
 b - a wand of mindburst (17)
 h - a wand of iceblast (11)
 i - a wand of acid (7)
 v - a wand of flame (16)
 A - a wand of charming (7)
Scrolls
 e - 2 scrolls of amnesia
 f - a scroll of identify
 j - a scroll of immolation {unknown}
 k - a scroll of brand weapon {unknown}
 s - a scroll of vulnerability {unknown}
 t - 2 scrolls of holy word
 u - a scroll of blinking {unknown}
 z - 2 scrolls of fog {unknown}
 B - a scroll of enchant armour {unknown}
Potions
 d - a potion of might
 g - 2 potions of flight
 l - a potion of berserk rage {unknown}
 m - a potion of curing
 n - 2 potions of lignification {unknown}
 w - a potion of haste {unknown}
 D - a potion of attraction {unknown}


   Skills:
 + Level 9.1 Fighting
 - Level 16.0 Axes
 - Level 4.0 Armour
 - Level 4.0 Shields


You had 9 spell levels left.
You didn't know any spells.
Your spell library contained the following spells:

 Spells                   Type           Power      Damage    Failure   Level
 Beastly Appendage        Tmut           0%         N/A       100%        1
 Slow                     Hex            0%         N/A       100%        1
 Blink                    Tloc           0%         N/A       100%        2
 Corpse Rot               Necr/Air       0%         N/A       100%        2
 Poisonous Vapours        Pois/Air       0%         N/A       100%        2
 Wereblood                Tmut           0%         N/A       100%        2
 Confusing Touch          Hex            0%         N/A       100%        3
 Spider Form              Tmut/Pois      0%         N/A       100%        3
 Vampiric Draining        Necr           0%         2d6       100%        3
 Manifold Assault         Tloc           0%         N/A       100%        5
 Storm Form               Tmut/Air       0%         N/A       100%        7


Dungeon Overview and Level Annotations

Branches:
Dungeon (9/15)             Temple (0/1) D:6            Lair (0/6) D:9
    Orc: D:9-12

Altars:
Ashenzari
Fedhas
Nemelex Xobeh
Okawaru
Sif Muna
Trog
Wu Jian
Xom

Shops:
D:4 *   D:8 ([[*


Message History

You are too injured to fight recklessly!
You closely miss the orc warrior.
The orc warrior is severely wounded.
The orc warrior hits you with a +0 glaive!
You hit the orc warrior. You freeze the orc warrior.
The orc warrior is almost dead.
The orc warrior closely misses you.
You hit the orc warrior but do no damage.
The orc warrior is almost dead.
The orc warrior hits you but does no damage.
You completely miss the orc warrior.
The orc warrior is almost dead.
You block the orc warrior's attack.
You hit the orc warrior but do no damage.
The orc warrior is almost dead.
The orc warrior hits you with a +0 glaive.
* * * LOW HITPOINT WARNING * * *
You barely miss the orc warrior.
The orc warrior is almost dead.
The orc warrior hits you with a +0 glaive!
* * * LOW HITPOINT WARNING * * *
You hit the orc warrior but do no damage.
The orc warrior is almost dead.
The orc warrior barely misses you.
Unknown command.
You hit the orc warrior but do no damage.
The orc warrior is almost dead.
The orc warrior hits you with a +0 glaive!
* * * LOW HITPOINT WARNING * * *
Unknown command.
You hit the orc warrior but do no damage.
The orc warrior is almost dead.
The orc warrior hits you with a +0 glaive!
* * * LOW HITPOINT WARNING * * *
Unknown command.
You barely miss the orc warrior.
The orc warrior is almost dead.
The orc warrior hits you with a +0 glaive!
You die...
Beogh appreciates the orc warrior's killing of a heretic priest.

##.#...........### #....o
#..............#.###o###.
##.#.................# .
##......>.....#.##### . #
#.............### P
##.##()).........# .
#....#.).........# .
##.........o.....# .
###.#.>.)@......#
###....).......#
##.##...............
#......<.......[..###
##.##.............# ..
#.............## ..
##............# #
#............#
#.....[......


You could see an orc warrior.

Vanquished Creatures
  Prince Ribbit (D:5)
  A wyvern (D:8)
  A steam dragon (D:6)
  2 wargs
  A water moccasin (D:7)
  An orc warrior (D:6)
  A sky beast (D:7)
  An ogre (D:7)
  3 black bears
  4 necrophages
  2 centaurs
  2 phantoms
  A kobold brigand (D:9)
  Blork the orc (D:6)
  2 bullfrogs
  A gnoll sergeant (D:6)
  A scorpion (D:5)
  A wyvern skeleton (D:7)
  15 killer bees
  5 wights
  2 howler monkeys
  A hound (D:7)
  A jelly (D:7)
  A centaur skeleton (D:7)
  A gnoll shaman (D:7)
  3 orc priests
  Jessica (D:3)
  2 orc wizards
  3 iguanas
  A hound skeleton (D:4)
  A hound zombie (D:5)
  A howler monkey zombie (D:7)
  7 adders
  7 gnolls
  A shadow imp (D:4)
  An adder skeleton (D:4)
  2 worms
  8 dart slugs
  13 orcs
  8 ball pythons
  7 endoplasms
  A giant cockroach (D:2)
  9 goblins
  7 hobgoblins
  2 quokkas
  6 bats
  12 kobolds
  3 rats
159 creatures vanquished.

Vanquished Creatures (others)
  An orc priest (D:6)
  An orc (D:6)
  3 fungi (D:8)
  A plant (D:8)
6 creatures vanquished.

Grand Total: 165 creatures vanquished

Notes
Turn   | Place    | Note
-------+----------+-------------------------------------------
     0 | D:1      | safid the Hill Orc Fighter began the quest for the Orb.
     0 | D:1      | Reached XP level 1. HP: 19/19 MP: 1/1
   202 | D:1      | Reached skill level 3 in Axes
   202 | D:1      | Reached XP level 2. HP: 27/27 MP: 2/2
   649 | D:1      | Found a faded altar of an unknown god.
  1283 | D:2      | Reached XP level 3. HP: 33/33 MP: 3/3
  2167 | D:3      | Noticed a necrophage
  2178 | D:3      | Killed a necrophage
  2179 | D:3      | Reached skill level 5 in Axes
  2179 | D:3      | Reached XP level 4. HP: 25/40 MP: 4/4
  2179 | D:3      | Reached XP level 5. HP: 28/46 MP: 5/5
  2441 | D:3      | Noticed Jessica
  2446 | D:3      | Killed Jessica
  2447 | D:3      | Reached skill level 6 in Axes
  2698 | D:3      | Found an iron altar of Okawaru.
  2708 | D:3      | Identified the +4 mace "Plog" {freeze, rF+ Int+4}
  3252 | D:4      | Reached XP level 6. HP: 47/52 MP: 6/6
  3375 | D:4      | Found Odimm's General Store.
  3383 | D:4      | Bought a potion of heal wounds for 70 gold pieces
  3480 | D:4      | Reached skill level 7 in Axes
  3670 | D:4      | Found an ornate altar of the Wu Jian Council.
  3818 | D:4      | Found a shimmering blue altar of Sif Muna.
  4040 | D:5      | Entered Level 5 of the Dungeon
  4056 | D:5      | Reached skill level 8 in Axes
  4233 | D:5      | Reached XP level 7. HP: 44/59 MP: 7/7
  4235 | D:5      | Reached skill level 9 in Axes
  4415 | D:5      | Found a shimmering altar of Xom.
  4521 | D:5      | Found a broken altar of Ashenzari.
  4546 | D:5      | Found a sparkling altar of Nemelex Xobeh.
  4581 | D:5      | Noticed Prince Ribbit
  4608 | D:5      | Killed Prince Ribbit
  4609 | D:5      | Reached skill level 10 in Axes
  4801 | D:5      | Found a bloodstained altar of Trog.
  4812 | D:5      | Reached skill level 11 in Axes
  4812 | D:5      | Reached XP level 8. HP: 49/66 MP: 8/8
  5288 | D:6      | Reached skill level 12 in Axes
  5317 | D:6      | Became a worshipper of Beogh the Brigand
  5726 | D:6      | Reached skill level 13 in Axes
  6318 | D:6      | Reached skill level 14 in Axes
  6318 | D:6      | Reached XP level 9. HP: 61/71 MP: 9/9
  6367 | D:6      | Found a staircase to the Ecumenical Temple.
  6375 | D:6      | Noticed Blork the orc
  6385 | D:6      | Killed Blork the orc
  7101 | D:7      | Reached skill level 15 in Axes
  7357 | D:7      | Reached * piety under Beogh
  7485 | D:7      | Reached skill level 16 in Axes
  7800 | D:7      | Identified the +8 short sword of Yredelemnul's Pride
                  | {freeze, rElec rN+}
  8016 | D:8      | Found Guytt's Assorted Antiques.
  8249 | D:8      | Found Zupuday's Armour Boutique.
  8263 | D:8      | Found a blossoming altar of Fedhas.
  8274 | D:8      | Reached skill level 5 in Fighting
  8942 | D:8      | Reached XP level 10. HP: 15/81 MP: 10/10
  9486 | D:8      | Found Legh's Armour Shop.
  9510 | D:8      | Found Subahuit's Antique Weapon Emporium.
  9895 | D:8      | Bought a +2 cloak for 231 gold pieces
 10277 | D:9      | Found a staircase to the Lair.
 10685 | D:9      | Reached ** piety under Beogh
 10700 | D:9      | HP: 1/91 [orc warrior/+0 glaive (11)]
 10701 | D:9      | Mangled by an orc warrior

Illustrated notes

Levels and vault maps discovered:
D:1:      co_arrival_random_square_maze, layout_basic, basic_ecumenical_altar
D:2:      layout_loops_corners
D:3:      layout_loops_ring, okawaru_ov_weapons_minmay, uniq_jessica
D:4:      layout_basic, mainiacjoe_overflow_tiny_flanked,
          mainiacjoe_overflow_six_doors_small, serial_shops, nicolae_shop_stone
D:5:      layout_basic, trog_ov_bears_minmay, tgw_xom,
          mainiacjoe_overflow_catch_the_wave, serial_bayou_lagoon_a,
          chequers_serial_rivers_micro_b, uniq_prince_ribbit1
D:6:      layout_basic, minmay_temple_entry_waves, small_statue_alley_b,
          minmay_misc_feat_roman, uniq_blork_the_orc
D:7:      layout_rooms
D:8:      layout_basic, fedhas_altar_3, serial_shops, nicolae_stop_n_shop_2,
          shop, shop, nicolae_stop_n_shop_2
D:9:      layout_cross, nicolae_ru_path_of_blood, erik_lair_orcish_takeover,
          david_orc_3

Skill      XL: |  1  2  3  4  5  6  7  8  9 10 |
---------------+-------------------------------+-----
Axes           | 3 5 6 8 11 14 16 | 16.0
Fighting       | 4 7 9 |  9.1
Armour         | 4 |  4.0
Shields        | 4 |  4.0

Action                   |  1- 3 |  4- 6 |  7- 9 | 10-12 || total
-------------------------+-------+-------+-------+-------++-------
Melee: War axe           |   127 |    43 |       |       ||   170
       Mace              |       |    74 |   311 |   104 ||   489
Invok: Convert to Beogh  |       |       |     1 |       ||     1
  Use: Potion            |       |       |     8 |     1 ||     9
       Scroll            |       |       |     4 |       ||     4
Armor: Scale mail        |    54 |    52 |    46 |       ||   152
       Plate armour      |       |       |   196 |    86 ||   282
Dodge: Dodged            |    55 |    53 |   138 |    45 ||   291
Block: Buckler           |    30 |    20 |    88 |    20 ||   158
